 Dungeon Crawl Stone Soup version 0.22-a0-282-gdd34a7d (webtiles) character file.

700 wvc the Conjurer (level 7, -2/56 HPs)
             Began as a Gnoll Wanderer on Mar 17, 2018.
             Was an Initiate of Cheibriados.
             Slain by Vesto's ghost (11 damage)
             ... on level 4 of the Dungeon.
             The game lasted 00:09:56 (4506 turns).

wvc the Conjurer (Gnoll Wanderer)                   Turns: 4506, Time: 00:09:57

Health: -2/56      AC:  7    Str: 18    XL:     7   Next: 65%
Magic:  12/12      EV: 10    Int: 15    God:    Cheibriados [......]
Gold:   187        SH: 10    Dex: 15    Spells: 13/13 levels left

rFire    . . .     SeeInvis .   b - +0 trident
rCold    . . .     Gourm    .   a - +0 shield
rNeg     . . .     Faith    .   e - +0 ring mail
rPois    .         Spirit   .   (no helmet)
rElec    .         Reflect  .   (no cloak)
rCorr    +         Harm     .   i - +1 pair of gloves
MR       .....                  (no boots)
Stlth    ++........             (no amulet)
HPRegen  0.18/turn              m - ring of resist corrosion
MPRegen  0.13/turn              (no ring)

@: very slow
A: distributed training, fangs 1, strong nose
a: Bend Time, Renounce Religion


You were on level 4 of the Dungeon.
You worshipped Cheibriados.
Cheibriados was noncommittal.
You were not hungry.

You visited 1 branch of the dungeon, and saw 4 of its levels.
You also visited: Sewer.

You collected 187 gold pieces.

Inventory:

Hand Weapons
 b - a +0 trident (weapon)
 c - a +0 spear
 d - a +1 whip of venom
Missiles
 g - 13 poisoned needles
Armour
 a - a +0 shield (worn)
 e - a +0 ring mail (worn)
 i - a +1 pair of gloves (worn)
Jewellery
 m - a ring of resist corrosion (left hand)
 r - an uncursed ring of poison resistance {unknown}
Scrolls
 j - 7 scrolls of teleportation
 s - a scroll of immolation
Potions
 h - a potion of lignification
 k - a potion of magic
 l - a potion of might
 n - 2 potions of curing
 o - a potion of flight
 p - a potion of cancellation {unknown}
Comestibles
 f - 5 rations


   Skills:
 + Level 5.3 Fighting
 + Level 2.5 Short Blades
 + Level 2.5 Long Blades
 + Level 2.5 Axes
 + Level 2.5 Maces & Flails
 + Level 3.7 Polearms
 + Level 2.5 Staves
 + Level 2.5 Slings
 + Level 2.5 Bows
 + Level 2.5 Crossbows
 + Level 2.5 Throwing
 + Level 2.5 Armour
 + Level 2.5 Dodging
 + Level 2.5 Stealth
 + Level 5.3 Shields
 + Level 2.5 Unarmed Combat
 + Level 3.8 Spellcasting
 + Level 5.8 Conjurations
 + Level 2.1 Hexes
 + Level 2.1 Charms
 + Level 2.1 Summonings
 + Level 3.0 Necromancy
 + Level 2.1 Translocations
 + Level 2.1 Transmutations
 + Level 2.1 Fire Magic
 + Level 2.1 Ice Magic
 + Level 2.1 Air Magic
 + Level 2.1 Earth Magic
 + Level 2.1 Poison Magic
 + Level 2.8 Invocations
 + Level 2.5 Evocations


You had 13 spell levels left.
You didn't know any spells.

Dungeon Overview and Level Annotations

Branches:
Dungeon (4/15)
 Temple: D:4-7

Altars:
Cheibriados
Makhleb

Annotations:
D:4 Vesto's ghost, weakling HOFi


Innate Abilities, Weirdness & Mutations

Your experience applies equally to all skills.
You have very sharp teeth.
Your uncanny sense of smell can sniff out nearby items.


Message History

You hit Vesto's ghost but do no damage.
Vesto's ghost is severely damaged.
Vesto's ghost hits you but does no damage.
Vesto's ghost laughs, "And you think you're capable of finding the ORB?
I had it, you know.
Then I gave it away so I could steal it AGAIN."
Vesto's ghost hits you.
You barely miss Vesto's ghost.
Vesto's ghost is severely damaged.
You block Vesto's ghost's attack.
You hit Vesto's ghost but do no damage.
Vesto's ghost is severely damaged.
Vesto's ghost hits you!
You hit Vesto's ghost but do no damage.
Vesto's ghost is severely damaged.
Vesto's ghost hits you!
* * * LOW HITPOINT WARNING * * *
You hit Vesto's ghost.
You bite Vesto's ghost, but do no damage.
Vesto's ghost is severely damaged.
Vesto's ghost hits you!
You die...

#.....#........ ....
#.....#........ ...
###.....#........ ###.. #.
..#.....#........ .... #.#
#.#.....######.#. #.( #.#
#.#......## #.#.####..
#.###.#.......####.#.......
#.....##.#W#.......###.#.#.
#........#@#####.....÷.....
#........#.# #.#.###.#.##
###..........# #.#.#.....#
#...#......#.# ##.#.###.###
###.#......#.####....))).#
#.#......#†##......###.####
#<#........................
#.#.....#........#.###.....
#.#.....#..##.#.##.# #.....


You could see Vesto's ghost.

Vanquished Creatures
  An ogre (D:3)
  A big kobold (Sewer)
  A bullfrog (D:4)
  A howler monkey (D:4)
  4 orc priests
  2 orc wizards
  2 worker ants (D:4)
  A gnoll (D:1)
  6 adders
  An ooze (D:2)
  4 worms
  4 dart slugs
  6 leopard geckos
  7 orcs
  2 ball pythons
  11 bats
  7 giant cockroaches
  5 hobgoblins
  11 jackals
  4 quokkas
  3 frilled lizards
  6 goblins
  13 kobolds
  11 rats
114 creatures vanquished.

Vanquished Creatures (others)
  An orc wizard (D:4)
1 creature vanquished.

Grand Total: 115 creatures vanquished

Notes
Turn   | Place    | Note
-------+----------+-------------------------------------------
     0 | D:1      | wvc the Gnoll Wanderer began the quest for the Orb.
     0 | D:1      | wvc set off with: a +0 shield, a scroll of teleportation, a +0 spear, a +0 robe, a ration
     0 | D:1      | Reached XP level 1. HP: 20/20 MP: 4/4
   287 | D:1      | Reached XP level 2. HP: 25/26 MP: 5/5
   709 | D:1      | Reached XP level 3. HP: 14/31 MP: 7/7
  1214 | D:1      | Reached skill level 1 in Invocations
  1499 | D:2      | Reached skill level 1 in Short Blades
  1499 | D:2      | Reached skill level 1 in Long Blades
  1499 | D:2      | Reached skill level 1 in Axes
  1499 | D:2      | Reached skill level 1 in Maces & Flails
  1499 | D:2      | Reached skill level 1 in Staves
  1499 | D:2      | Reached skill level 1 in Slings
  1499 | D:2      | Reached skill level 1 in Bows
  1499 | D:2      | Reached skill level 1 in Crossbows
  1499 | D:2      | Reached skill level 1 in Throwing
  1499 | D:2      | Reached skill level 1 in Armour
  1499 | D:2      | Reached skill level 1 in Dodging
  1499 | D:2      | Reached skill level 1 in Stealth
  1499 | D:2      | Reached skill level 1 in Unarmed Combat
  1499 | D:2      | Reached skill level 1 in Evocations
  1530 | D:2      | Reached XP level 4. HP: 31/38 MP: 8/8
  1814 | D:2      | Reached skill level 1 in Hexes
  1814 | D:2      | Reached skill level 1 in Charms
  1814 | D:2      | Reached skill level 1 in Summonings
  1814 | D:2      | Reached skill level 1 in Translocations
  1814 | D:2      | Reached skill level 1 in Transmutations
  1814 | D:2      | Reached skill level 1 in Fire Magic
  1814 | D:2      | Reached skill level 1 in Ice Magic
  1814 | D:2      | Reached skill level 1 in Air Magic
  1814 | D:2      | Reached skill level 1 in Earth Magic
  1814 | D:2      | Reached skill level 1 in Poison Magic
  2092 | D:2      | Reached XP level 5. HP: 37/43 MP: 9/9
  2502 | D:3      | Found a burning altar of Makhleb.
  2597 | D:3      | Noticed an ogre
  2610 | D:3      | Killed an ogre
  2610 | D:3      | Reached XP level 6. HP: 20/50 MP: 9/11
  2776 | D:3      | Found a glowing drain.
  2791 | Sewer    | Entered a sewer
  2889 | Sewer    | Reached skill level 5 in Fighting
  2889 | Sewer    | Reached skill level 5 in Shields
  2939 | Sewer    | Found a white marble altar of Elyvilon.
  3640 | D:4      | Reached XP level 7. HP: 37/56 MP: 12/12
  3806 | D:4      | Found a snail-covered altar of Cheibriados.
  3820 | D:4      | Became a worshipper of Cheibriados the Contemplative
  4480 | D:4      | Noticed Vesto's ghost (weakling HOFi)
  4506 | D:4      | Slain by Vesto's ghost

Vault maps used:
D:1:      nagdon_arrival_double_spiral, minmay_misc_feat_doors,
          minmay_tromino_v4_c
D:2:      first_ration
D:3:      nicolae_overflow_crystal_walls, portal_sewer_entry_a
D:4:      lemuel_doored_altar, kennysheep_little_box
Sewer:    sewer_kobolds

Skill      XL: |  1  2  3  4  5  6  7 |
---------------+----------------------+-----
Necromancy     | 2 3 |  3.0
Invocations    | 1 2 |  2.8
Short Blades   | 1 2 |  2.5
Long Blades    | 1 2 |  2.5
Axes           | 1 2 |  2.5
Maces & Flails | 1 2 |  2.5
Staves         | 1 2 |  2.5
Slings         | 1 2 |  2.5
Bows           | 1 2 |  2.5
Crossbows      | 1 2 |  2.5
Throwing       | 1 2 |  2.5
Armour         | 1 2 |  2.5
Dodging        | 1 2 |  2.5
Stealth        | 1 2 |  2.5
Unarmed Combat | 1 2 |  2.5
Evocations     | 1 2 |  2.5
Spellcasting   | 3 |  3.8
Hexes          | 1 2 |  2.1
Charms         | 1 2 |  2.1
Summonings     | 1 2 |  2.1
Translocations | 1 2 |  2.1
Transmutations | 1 2 |  2.1
Fire Magic     | 1 2 |  2.1
Ice Magic      | 1 2 |  2.1
Air Magic      | 1 2 |  2.1
Earth Magic    | 1 2 |  2.1
Poison Magic   | 1 2 |  2.1
Polearms       | 3 |  3.7
Fighting       | 5 |  5.3
Shields        | 5 |  5.3
Conjurations   | |  5.8

Action                   |  1- 3 |  4- 6 |  7- 9 || total
-------------------------+-------+-------+-------++-------
Melee: Spear             |    98 |   346 |       ||   444
       Bite              |     9 |    42 |     6 ||    57
       Whip              |    18 |     3 |       ||    21
       Trident           |       |    10 |    92 ||   102
  Use: Scroll            |     6 |     5 |     1 ||    12
       Potion            |       |     1 |       ||     1
 Stab: Sleeping          |       |     5 |     2 ||     7
       Distracted        |       |       |     1 ||     1
  Eat: Chunk             |     2 |     5 |     2 ||     9
       Ration            |       |     1 |       ||     1
Armor: Ring mail         |    36 |    85 |    23 ||   144
Dodge: Dodged            |    30 |    95 |    22 ||   147
Block: Shield            |    48 |   117 |    32 ||   197

Table legend:
 A = Spawn XP
 B = Non-spawn XP
 C = Spawn XP percentage of total XP
 D = Spawn monster count
 E = Non-spawn monster count
 F = Spawn count percentage of total count
 G = Total turns spent on level
                    A         B        C        D         E        F      G
               +---------+---------+-------+---------+---------+-------+---------
         Total |       0 |    1001 |   0.0 |       0 |     115 |   0.0 |  4506
               +---------+---------+-------+---------+---------+-------+---------
           D:1 |       0 |      58 |   0.0 |       0 |      24 |   0.0 |  1270
           D:2 |       0 |     168 |   0.0 |       0 |      30 |   0.0 |  1016
           D:3 |       0 |     179 |   0.0 |       0 |      22 |   0.0 |   777
           D:4 |       0 |     484 |   0.0 |       0 |      27 |   0.0 |  1231
         Sewer |       0 |     112 |   0.0 |       0 |      12 |   0.0 |   212
               +---------+---------+-------+---------+---------+-------+---------
